 Dungeon Crawl Stone Soup version 0.26-a0-599-gc8f6553d2c (webtiles) character file.

Game seed: 17377001457253081810

4826 Gargoyl the Fighter (level 10, -2/90 HPs)
             Began as a Gnoll Abyssal Knight on Aug 29, 2020.
             Was a High Priest of Lugonu.
             Slain by an orc warrior
             ... wielding a +0 glaive
              (23 damage)
             ... on level 8 of the Dungeon.
             The game lasted 00:13:17 (10283 turns).

Gargoyl the Fighter (Gnoll Abyssal Knight)         Turns: 10283, Time: 00:13:18

Health: -2/90      AC:  9    Str: 24    XL:     10   Next: 49%
Magic:  17/18      EV: 16    Int: 14    God:    Lugonu [*****.]
Gold:   196        SH:  0    Dex: 12    Spells: 19/19 levels left

rFire    + . .     SeeInvis .   C - +3 halberd "Cesytriu" {vorpal, MR+++ Str+6 Dex-5} (curse)
rCold    . . .     Faith    .   (shield currently unavailable)
rNeg     . . .     Spirit   .   c - +2 ring mail {rPois}
rPois    +         Reflect  .   (no helmet)
rElec    .         Harm     .   (no cloak)
rCorr    .                      e - +0 pair of gloves (curse)
MR       ++++.                  (no boots)
Stlth    ++........             (no amulet)
HPRegen  0.25/turn              q - ring of protection from fire
MPRegen  0.16/turn              l - ring of protection from magic

@: no status effects
A: distributed training, fangs 1, repulsion field 1, agile 1, robust 1, strong
nose
a: Depart the Abyss, Bend Space, Banish, Corrupt, Enter the Abyss, Renounce
Religion


You were on level 8 of the Dungeon.
You worshipped Lugonu.
Lugonu was extremely pleased with you.
You visited 1 branch of the dungeon, and saw 8 of its levels.
You visited the Abyss 1 time.

You collected 796 gold pieces.
You spent 600 gold pieces at shops.

Inventory:

Hand Weapons
 a - a +1 hand axe
 p - a +2 vorpal hand axe
 B - a +7 triple sword of freezing
 C - the cursed +3 halberd "Cesytriu" (weapon) {vorpal, MR+++ Str+6 Dex-5}
   (You found it on level 7 of the Dungeon)

   It inflicts extra damage upon your enemies.
   It affects your strength (+6).
   It affects your dexterity (-5).
   It affects your resistance to hostile enchantments.
   It has a curse placed upon it.
Missiles
 y - 4 javelins (quivered)
Armour
 c - a +2 ring mail of poison resistance (worn)
 e - a cursed +0 pair of gloves (worn)
 n - a cursed +0 helmet
 t - a +0 plate armour
Jewellery
 j - an uncursed ring of see invisible
 l - a ring of protection from magic (right hand)
 q - a ring of protection from fire (left hand)
 v - a +6 ring of strength {unknown}
 w - an uncursed ring of flight {unknown}
Wands
 s - a wand of acid (13)
 u - a wand of polymorph (4)
 x - a wand of iceblast (8)
Scrolls
 d - 6 scrolls of teleportation
 f - a scroll of identify
 g - a scroll of magic mapping
Potions
 b - 3 potions of curing
 h - a potion of flight
 i - 3 potions of might
 k - 2 potions of stabbing
 m - a potion of haste
 o - 3 potions of lignification
 r - a potion of magic {unknown}
 z - 2 potions of berserk rage {unknown}


   Skills:
 + Level 8.5 Fighting
 + Level 5.3 Short Blades
 + Level 5.3 Long Blades
 + Level 7.1 Axes
 + Level 5.3 Maces & Flails
 + Level 5.3 Polearms
 + Level 5.3 Staves
 + Level 5.3 Slings
 + Level 5.3 Bows
 + Level 5.3 Crossbows
 + Level 5.3 Throwing
 + Level 7.1 Armour
 + Level 6.0 Dodging
 + Level 5.3 Stealth
 + Level 5.3 Shields
 + Level 5.3 Unarmed Combat
 + Level 5.3 Spellcasting
 + Level 4.4 Conjurations
 + Level 4.4 Hexes
 + Level 4.4 Summonings
 + Level 4.4 Necromancy
 + Level 4.4 Translocations
 + Level 4.4 Transmutations
 + Level 4.4 Fire Magic
 + Level 4.4 Ice Magic
 + Level 4.4 Air Magic
 + Level 4.4 Earth Magic
 + Level 4.4 Poison Magic
 + Level 7.5 Invocations
 + Level 5.3 Evocations


You had 19 spell levels left.
You didn't know any spells.
Your spell library contained the following spells:

 Spells                   Type           Power        Failure   Level
 Summon Small Mammal      Summ           ###.         4%          1
 Call Imp                 Summ           ###.....     6%          2
 Call Canine Familiar     Summ           ###.....     12%         3
 Summon Guardian Golem    Hex/Summ       ###.....     12%         3
 Summon Ice Beast         Ice/Summ       ###.....     36%         4
 Summon Lightning Spire   Summ/Air       ###.....     36%         4


Dungeon Overview and Level Annotations

Branches:
Dungeon (8/15)             Temple (0/1) D:4            Lair (0/6) D:8

Altars:
Fedhas
Gozag
Okawaru

Shops:
D:4 }   D:7 (


Innate Abilities, Weirdness & Mutations

Your experience applies equally to all skills.
You have very sharp teeth.
Your uncanny sense of smell can sniff out nearby items.
You are surrounded by a mild repulsion field. (EV +2)
You are agile. (Dex +2)
You are robust. (+10% HP)


Message History

The orc wizard hits you but does no damage.
You see here a +0 hand axe.
Unknown command.
The orc wizard hits you but does no damage.
You hit the iguana.
The iguana is moderately wounded.
The iguana bites you but does no damage.
You impale the iguana!!
You kill the iguana!
Lugonu accepts your kill. The orc warrior misses you.
You see here an iguana corpse.
You puncture the orc warrior!
The orc warrior is heavily wounded.
The orc warrior hits you with a +0 glaive!!
* * * LOW HITPOINT WARNING * * *
You hit the orc warrior.
The orc warrior is heavily wounded.
The orc warrior hits you with a +0 glaive!!
You die...

.# ..... #.# # .##
# ....# #.# # .)#
#.##...# #.# #.
#..'...# #.### #.#
#...# #...# ..#
#)..############.#
###
#oo.#.........##.#
#o###.#######.##.#
#@# #.# #.##.#
#.###.# #....#
#.....# #.....
####### ##.##.
#.... ##### #


You could see an orc warrior, an orc wizard and an orc.

Vanquished Creatures
  Erica (D:8)
  A manticore (D:8)
  Psyche (D:8)
  A komodo dragon (D:8)
  Grum (D:8)
  2 ice beasts (D:6)
  4 ogres
  An orc warrior (D:8)
  3 centaurs
  2 wolves (D:7)
  5 big kobolds
  2 bullfrogs (D:6)
  6 killer bees (D:8)
  3 scorpions
  2 howler monkeys (D:4)
  An electric eel (D:6)
  A quasit (D:7)
  A centaur zombie (D:7)
  2 hounds (D:6)
  A bullfrog zombie (D:5)
  An orc wizard (D:7)
  An orc priest (D:4)
  A bullfrog skeleton (D:6)
  2 jellies
  4 iguanas
  7 worker ants
  A hound zombie (D:7)
  Robin (D:3)
  A howler monkey skeleton (D:4)
  9 gnolls
  8 adders
  2 shadow imps
  A white imp (D:5)
  An ufetubus (D:6)
  4 oozes
  An adder skeleton (D:4)
  3 worms
  A dart slug (D:1)
  3 leopard geckos
  21 orcs
  3 giant cockroaches
  20 goblins
  16 hobgoblins
  7 jackals
  51 kobolds
  A quokka (D:4)
  A ball python (D:4)
  A ball python skeleton (D:4)
  2 bats (D:2)
  6 frilled lizards
  2 leopard gecko skeletons (D:4)
  2 quokka skeletons (D:4)
  A quokka zombie (D:8)
  7 rats
234 creatures vanquished.

Vanquished Creatures (others)
  12 plants (D:8)
12 creatures vanquished.

Grand Total: 246 creatures vanquished

Notes
Turn   | Place    | Note
-------+----------+-------------------------------------------
     0 | Abyss:1  | Gargoyl the Gnoll Abyssal Knight began the quest for the
                  | Orb.
     0 | Abyss:1  | Reached XP level 1. HP: 23/23 MP: 3/3
   115 | Abyss:2  | Noticed a large abomination
   126 | Abyss:2  | Noticed a wretched star
   127 | D:1      | Escaped the Abyss
   655 | D:1      | Reached XP level 2. HP: 29/29 MP: 5/5
   716 | D:1      | Reached XP level 3. HP: 35/35 MP: 6/6
   721 | D:1      | Reached * piety under Lugonu
  1555 | D:2      | Reached skill level 1 in Short Blades
  1555 | D:2      | Reached skill level 1 in Long Blades
  1555 | D:2      | Reached skill level 1 in Maces & Flails
  1555 | D:2      | Reached skill level 1 in Polearms
  1555 | D:2      | Reached skill level 1 in Staves
  1555 | D:2      | Reached skill level 1 in Slings
  1555 | D:2      | Reached skill level 1 in Bows
  1555 | D:2      | Reached skill level 1 in Crossbows
  1555 | D:2      | Reached skill level 1 in Throwing
  1555 | D:2      | Reached skill level 1 in Stealth
  1555 | D:2      | Reached skill level 1 in Shields
  1555 | D:2      | Reached skill level 1 in Unarmed Combat
  1555 | D:2      | Reached skill level 1 in Spellcasting
  1555 | D:2      | Reached skill level 1 in Evocations
  1555 | D:2      | Reached XP level 4. HP: 26/41 MP: 7/7
  2165 | D:2      | Reached skill level 1 in Conjurations
  2165 | D:2      | Reached skill level 1 in Hexes
  2165 | D:2      | Reached skill level 1 in Summonings
  2165 | D:2      | Reached skill level 1 in Necromancy
  2165 | D:2      | Reached skill level 1 in Translocations
  2165 | D:2      | Reached skill level 1 in Transmutations
  2165 | D:2      | Reached skill level 1 in Fire Magic
  2165 | D:2      | Reached skill level 1 in Ice Magic
  2165 | D:2      | Reached skill level 1 in Air Magic
  2165 | D:2      | Reached skill level 1 in Earth Magic
  2165 | D:2      | Reached skill level 1 in Poison Magic
  2428 | D:3      | Found a faded altar of an unknown god.
  2504 | D:3      | Reached XP level 5. HP: 47/47 MP: 8/8
  2579 | D:3      | Noticed Robin
  2585 | D:3      | Reached ** piety under Lugonu
  2589 | D:3      | Killed Robin
  3016 | D:4      | Reached skill level 5 in Invocations
  3022 | D:4      | Reached XP level 6. HP: 33/53 MP: 9/9
  3186 | D:4      | Reached skill level 5 in Axes
  3186 | D:4      | Reached skill level 5 in Armour
  3344 | D:4      | Reached *** piety under Lugonu
  3395 | D:4      | Found a blossoming altar of Fedhas.
  3421 | D:4      | Found Yxoe's Gadget Boutique.
  3818 | D:4      | Found a staircase to the Ecumenical Temple.
  3854 | D:5      | Entered Level 5 of the Dungeon
  3867 | D:5      | Reached XP level 7. HP: 51/59 MP: 10/10
  4016 | D:5      | Reached skill level 7 in Fighting
  4196 | D:5      | Found an opulent altar of Gozag.
  4648 | D:5      | Reached XP level 8. HP: 51/67 MP: 12/12
  6023 | D:6      | Found an iron altar of Okawaru.
  6906 | D:6      | Reached **** piety under Lugonu
  6921 | D:6      | Reached XP level 9. HP: 25/72 MP: 14/14
  8135 | D:7      | Found Fuxukles's Weapon Boutique.
  8142 | D:7      | Bought a +6 triple sword of freezing for 600 gold pieces
  8343 | D:7      | Got a dazzling halberd
  8344 | D:7      | Identified the cursed +3 halberd "Cesytriu" {vorpal, MR+++
                  | Str+6 Dex-5} (You found it on level 7 of the Dungeon)
  8655 | D:8      | Noticed Grum
  8664 | D:7      | Reached skill level 5 in Dodging
  9165 | D:8      | Reached skill level 8 in Fighting
  9358 | D:8      | Found a staircase to the Lair.
  9359 | D:8      | Noticed a komodo dragon
  9492 | D:8      | Killed a komodo dragon
  9492 | D:8      | Reached ***** piety under Lugonu
  9622 | D:8      | Gained mutation: You have a pair of small horns on your
                  | head. [potion of mutation]
  9622 | D:8      | Gained mutation: You occasionally shout uncontrollably at
                  | your foes. [potion of mutation]
  9622 | D:8      | Gained mutation: You have a pair of horns on your head.
                  | [potion of mutation]
  9623 | D:8      | Lost mutation: You have a pair of horns on your head.
                  | [potion of mutation]
  9623 | D:8      | Lost mutation: You have a pair of small horns on your head.
                  | [potion of mutation]
  9623 | D:8      | Lost mutation: You occasionally shout uncontrollably at
                  | your foes. [potion of mutation]
  9623 | D:8      | Gained mutation: You are surrounded by a mild repulsion
                  | field. (EV +2) [potion of mutation]
  9623 | D:8      | Gained mutation: You are agile. (Dex +2) [potion of
                  | mutation]
  9623 | D:8      | Gained mutation: You are robust. (+10% HP) [potion of
                  | mutation]
  9663 | D:8      | Noticed a manticore
  9671 | D:8      | Killed a manticore
  9671 | D:8      | Reached XP level 10. HP: 74/88 MP: 17/17
  9770 | D:8      | Killed Grum
  9770 | D:8      | Reached skill level 5 in Short Blades
  9770 | D:8      | Reached skill level 5 in Long Blades
  9770 | D:8      | Reached skill level 5 in Maces & Flails
  9770 | D:8      | Reached skill level 5 in Polearms
  9770 | D:8      | Reached skill level 5 in Staves
  9770 | D:8      | Reached skill level 5 in Slings
  9770 | D:8      | Reached skill level 5 in Bows
  9770 | D:8      | Reached skill level 5 in Crossbows
  9770 | D:8      | Reached skill level 5 in Throwing
  9770 | D:8      | Reached skill level 5 in Stealth
  9770 | D:8      | Reached skill level 5 in Shields
  9770 | D:8      | Reached skill level 5 in Unarmed Combat
  9770 | D:8      | Reached skill level 5 in Spellcasting
  9770 | D:8      | Reached skill level 5 in Evocations
  9851 | D:8      | Noticed Erica
  9865 | D:8      | Killed Erica
  9915 | D:8      | Noticed Psyche
  9931 | D:8      | Killed Psyche
 10283 | D:8      | Slain by an orc warrior

Illustrated notes

Levels and vault maps discovered:
D:1:      psy_arrival_basics, layout_rooms
D:2:      layout_loops_cross, grunt_ministairs_14
D:3:      layout_rooms, chequers_ecumenical_altar_simple, uniq_robin
D:4:      minmay_inner_zag, layout_cave_pools, minmay_temple_entry_antechambers,
          serial_shops, nicolae_shop_stone, minmay_parallelograms,
          fedhas_ov_isle_minmay
D:5:      layout_rooms, nicolae_gozag_cash_rules_everything_around_me
D:6:      minmay_goblin_kobold_castle, layout_basic, okawaru_gym_becter
D:7:      wad_crossroads, layout_loops_ring, serial_shops, nicolae_shop_trees
D:8:      layout_basic, david_lair_shrubbed, nicolae_ossuary_entry_plus,
          enter_bailey_3, uniq_psyche, uniq_grum, uniq_erica

Skill      XL: |  1  2  3  4  5  6  7  8  9 10 |
---------------+-------------------------------+-----
Short Blades   | 1 2 3 4 5 |  5.3
Long Blades    | 1 2 3 4 5 |  5.3
Maces & Flails | 1 2 3 4 5 |  5.3
Polearms       | 1 2 3 4 5 |  5.3
Staves         | 1 2 3 4 5 |  5.3
Slings         | 1 2 3 4 5 |  5.3
Bows           | 1 2 3 4 5 |  5.3
Crossbows      | 1 2 3 4 5 |  5.3
Throwing       | 1 2 3 4 5 |  5.3
Stealth        | 1 2 3 4 5 |  5.3
Shields        | 1 2 3 4 5 |  5.3
Unarmed Combat | 1 2 3 4 5 |  5.3
Spellcasting   | 1 2 3 4 5 |  5.3
Evocations     | 1 2 3 4 5 |  5.3
Conjurations   | 1 2 3 4 |  4.4
Hexes          | 1 2 3 4 |  4.4
Summonings     | 1 2 3 4 |  4.4
Necromancy     | 1 2 3 4 |  4.4
Translocations | 1 2 3 4 |  4.4
Transmutations | 1 2 3 4 |  4.4
Fire Magic     | 1 2 3 4 |  4.4
Ice Magic      | 1 2 3 4 |  4.4
Air Magic      | 1 2 3 4 |  4.4
Earth Magic    | 1 2 3 4 |  4.4
Poison Magic   | 1 2 3 4 |  4.4
Dodging        | 3 4 5 6 |  6.0
Invocations    | 5 6 7 |  7.5
Axes           | 5 6 7 |  7.1
Armour         | 5 6 7 |  7.1
Fighting       | 7 8 |  8.5

Action                   |  1- 3 |  4- 6 |  7- 9 | 10-12 || total
-------------------------+-------+-------+-------+-------++-------
Melee: Hand axe          |    71 |   202 |   313 |       ||   586
       Bite              |     3 |    21 |    40 |     7 ||    71
       Punch             |       |     1 |     2 |       ||     3
       Halberd           |       |       |   104 |    59 ||   163
       Triple sword      |       |       |     6 |       ||     6
Throw: Javelin           |       |       |     5 |     4 ||     9
Invok: Depart the Abyss  |     1 |       |       |       ||     1
       Banish            |       |       |     3 |       ||     3
  Use: Scroll            |       |    13 |     6 |       ||    19
       Potion            |       |       |     2 |       ||     2
 Stab: Sleeping          |       |       |     2 |       ||     2
Armor: Ring mail         |    45 |    82 |   182 |    26 ||   335
Dodge: Dodged            |    81 |   134 |   352 |    87 ||   654

Table legend: (Time is in decaauts)
 A = Elapsed time spent in this place.
 B = Non-inter-level travel time spent in this place.
 C = Inter-level travel time spent in this place.
 D = Time resting spent in this place.
 E = Time spent auto-exploring this place.
 F = Levels seen in this place.
 G = Mean time per level.
                   A        B        C        D        E       F      G
               +--------+--------+--------+--------+--------+-----+--------+
         Total |  10361 |  10046 |    315 |   3626 |   4472 |  10 | 1036.1 |
       Dungeon |  10235 |   9920 |    315 |   3626 |   4377 |   8 | 1279.4 |
         Abyss |    126 |    126 |      0 |      0 |     95 |   2 |   63.0 |
               +--------+--------+--------+--------+--------+-----+--------+

Top non-repeatable levels by time:
     D:6: 2406 daAuts
     D:7: 1648 daAuts
     D:1: 1341 daAuts
     D:5: 1230 daAuts
     D:8: 1209 daAuts
     D:2: 969 daAuts
     D:4: 869 daAuts
     D:3: 560 daAuts
 Abyss:2: 79 daAuts
 Abyss:1: 47 daAuts
